2155 views
Uploaded 2023-09-06 13:28:08
Game version 1.36 (6115)
22:44 long 2on2 ladder game on (4)Synergy_S2
Saved by GIGA
2155 views
Uploaded 2023-09-06 13:28:08
Game version 1.36 (6115)
22:44 long 2on2 ladder game on (4)Synergy_S2


84 units @ 10.3k
/ 1.8k
58 buildings @ 6.8k
/ 3.1k


| Scroll of Town Portal | 1 | 350 |
| Scroll of Healing | 3 | 750 |
| Staff of Teleportation | 1 | 150 |
| Potion of Invisibility | 1 | 100 |
| total: | 6 | 1350g |
| Wisp | 26 | 1560 | / | 0 |
| Archer | 6 | 780 | / | 60 |
| Dryad | 5 | 725 | / | 300 |
| Chimaera | 2 | 660 | / | 140 |
| Goblin Shredder | 1 | 375 | / | 100 |
| total: | 40 | 4100g | / | 600w |
| Altar of Elders | 1 | 180 | / | 50 |
| Moon Well | 8 | 1440 | / | 320 |
| Ancient of War | 4 | 600 | / | 240 |
| Hunter's Hall | 1 | 210 | / | 100 |
| Ancient of Wonders | 1 | 90 | / | 30 |
| Tree of Life | 2 | 680 | / | 370 |
| Ancient of Lore | 2 | 310 | / | 290 |
| Chimaera Roost | 3 | 420 | / | 570 |
| Tree of Ages | 1 | 320 | / | 180 |
| Tree of Eternity | 1 | 330 | / | 200 |
| total: | 22 | 3930g | / | 1970w |
| 0:02 | Wisp |
| 0:02 | Wisp |
| 0:07 | Altar of Elders |
| 0:18 | Moon Well |
| 0:24 | Wisp |
| 0:32 | Ancient of War |
| 0:40 | Wisp |
| 0:54 | Wisp |
| 1:03 | Wisp |
| 1:25 | Wisp |
| 1:29 | Moon Well |
| 1:32 | Archer |
| 1:41 | Wisp |
| 2:11 | Ancient of War |
| 2:19 | Archer |
| 2:29 | Mana Burn |
| 2:41 | Archer |
| 2:42 | Archer |
| 2:46 | Moon Well |
| 3:15 | Tree of Ages |
| 3:29 | Archer |
| 4:27 | Archer |
| 4:33 | Evasion |
| 4:38 | Hunter's Hall |
| 4:58 | Moon Well |
| 5:02 | Moon Well |
| 5:36 | Ancient of Wonders |
| 5:40 | Wisp |
| 5:40 | Wisp |
| 5:43 | Wisp |
| 5:46 | Ancient of Lore |
| 6:36 | Breath of Fire |
| 6:48 | Staff of Teleportation |
| 7:21 | Scroll of Town Portal |
| 7:22 | Scroll of Healing |
| 7:47 | Ancient of Lore |
| 8:27 | Strength of the Wild |
| 8:27 | Reinforced Hides |
| 8:27 | Wisp |
| 8:28 | Wisp |
| 8:35 | Mana Burn |
| 8:37 | Drunken Brawler |
| 8:59 | Dryad |
| 9:03 | Abolish Magic |
| 9:03 | Dryad |
| 9:32 | Dryad |
| 9:39 | Improved Reinforced Hides |
| 9:39 | Improved Strength of the Wild |
| 9:42 | Tree of Eternity |
| 10:45 | Dryad |
| 11:01 | Dryad |
| 11:03 | Moon Well |
| 11:36 | Moon Well |
| 11:55 | Tree of Life |
| 12:00 | Ancient of War |
| 12:01 | Ancient of War |
| 13:06 | Goblin Shredder |
| 13:41 | Wisp |
| 13:41 | Wisp |
| 13:41 | Wisp |
| 13:42 | Wisp |
| 14:37 | Wisp |
| 14:38 | Wisp |
| 14:38 | Wisp |
| 14:38 | Wisp |
| 14:38 | Wisp |
| 14:43 | Advanced Strength of the Wild |
| 15:09 | Wisp |
| 15:10 | Wisp |
| 15:10 | Wisp |
| 15:10 | Wisp |
| 15:16 | Chimaera Roost |
| 15:18 | Chimaera Roost |
| 15:35 | Chimaera Roost |
| 16:07 | Scroll of Healing |
| 16:07 | Scroll of Healing |
| 16:08 | Potion of Invisibility |
| 16:30 | Advanced Reinforced Hides |
| 17:12 | Chimaera |
| 18:01 | Chimaera |
| 18:02 | Corrosive Breath |
| 18:06 | Moon Well |
| 19:26 | Tree of Life |
| Select group | 3005 |
| Right click | 1817 |
| Select | 379 |
| Assign group | 271 |
| Build/train/purchase | 78 |
| Use ability | 25 |
| Minimap ping | 23 |
| Remove unit | 5 |
| Misc. action | 1 |


| Scroll of Regeneration | 2 | 200 |
| Lesser Clarity Potion | 1 | 70 |
| Mechanical Critter | 3 | 150 |
| Scroll of Town Portal | 1 | 350 |
| Potion of Lesser Invulnerability | 1 | 150 |
| Wand of Illusion | 1 | 150 |
| Ring of Protection +4 | 1 | 300 |
| Khadgar's Pipe of Insight | 1 | 500 |
| total: | 11 | 1870g |
| Peasant | 17 | 1275 | / | 0 |
| Footman | 4 | 540 | / | 0 |
| Rifleman | 7 | 1435 | / | 210 |
| Mortar Team | 6 | 1080 | / | 420 |
| Priest | 1 | 135 | / | 10 |
| Siege Engine | 8 | 1560 | / | 480 |
| Goblin Sapper | 1 | 215 | / | 100 |
| total: | 44 | 6240g | / | 1220w |
| Scout Tower | 13 | 390 | / | 260 |
| Arcane Tower | 4 | 280 | / | 200 |
| Guard Tower | 1 | 70 | / | 50 |
| Altar of Kings | 1 | 180 | / | 50 |
| Barracks | 1 | 160 | / | 60 |
| Farm | 14 | 1120 | / | 280 |
| Arcane Vault | 1 | 130 | / | 30 |
| Blacksmith | 1 | 140 | / | 60 |
| Lumber Mill | 1 | 120 | / | 0 |
| Arcane Sanctum | 1 | 150 | / | 140 |
| Workshop | 1 | 140 | / | 140 |
| Keep | 1 | 320 | / | 210 |
| Castle | 1 | 360 | / | 210 |
| Moon Well | 2 | 360 | / | 80 |
| Tree of Ages | 1 | 320 | / | 180 |
| total: | 36 | 2890g | / | 1100w |
| 0:03 | Altar of Kings |
| 0:04 | Peasant |
| 0:04 | Peasant |
| 0:07 | Barracks |
| 0:21 | Peasant |
| 0:31 | Farm |
| 0:39 | Peasant |
| 0:50 | Peasant |
| 1:01 | Peasant |
| 1:08 | Farm |
| 1:19 | Footman |
| 1:33 | Farm |
| 1:38 | Scout Tower |
| 1:51 | Footman |
| 1:58 | Arcane Vault |
| 2:17 | Summon Water Elemental |
| 2:22 | Footman |
| 2:25 | Arcane Tower |
| 2:28 | Farm |
| 2:42 | Footman |
| 2:47 | Blacksmith |
| 2:52 | Farm |
| 3:13 | Peasant |
| 3:13 | Peasant |
| 3:15 | Lumber Mill |
| 3:54 | Peasant |
| 4:01 | Brilliance Aura |
| 4:27 | Rifleman |
| 4:27 | Rifleman |
| 4:34 | Keep |
| 4:53 | Black Gunpowder |
| 4:56 | Scroll of Regeneration |
| 4:56 | Lesser Clarity Potion |
| 4:58 | Mechanical Critter |
| 5:09 | Mechanical Critter |
| 5:40 | Farm |
| 5:43 | Improved Lumber Harvesting |
| 5:45 | Studded Leather Armor |
| 5:53 | Scroll of Regeneration |
| 5:59 | Mechanical Critter |
| 6:24 | Rifleman |
| 6:28 | Scout Tower |
| 6:51 | Rifleman |
| 7:24 | Guard Tower |
| 7:27 | Arcane Sanctum |
| 7:30 | Workshop |
| 8:05 | Long Rifles |
| 8:05 | Rifleman |
| 8:15 | Rifleman |
| 8:21 | Castle |
| 8:22 | Farm |
| 8:24 | Farm |
| 8:29 | Holy Light |
| 8:42 | Rifleman |
| 8:43 | Summon Water Elemental |
| 8:49 | Priest Adept Training |
| 9:09 | Flare |
| 9:09 | Mortar Team |
| 9:34 | Priest |
| 9:38 | Farm |
| 9:57 | Devotion Aura |
| 10:38 | Goblin Sapper |
| 11:23 | Mortar Team |
| 11:23 | Fragmentation Shards |
| 11:24 | Mortar Team |
| 11:25 | Priest Master Training |
| 11:29 | Peasant |
| 11:29 | Peasant |
| 11:30 | Peasant |
| 11:30 | Peasant |
| 11:33 | Advanced Lumber Harvesting |
| 12:07 | Sorceress Adept Training |
| 12:32 | Scout Tower |
| 12:33 | Scout Tower |
| 12:36 | Scout Tower |
| 12:39 | Scout Tower |
| 12:46 | Scout Tower |
| 12:50 | Scout Tower |
| 13:10 | Peasant |
| 13:10 | Peasant |
| 13:26 | Arcane Tower |
| 13:39 | Peasant |
| 14:09 | Wand of Illusion |
| 14:16 | Ring of Protection +4 |
| 14:20 | Khadgar's Pipe of Insight |
| 14:38 | Mortar Team |
| 14:41 | Refined Gunpowder |
| 14:50 | Brilliance Aura |
| 15:04 | Mortar Team |
| 15:24 | Mortar Team |
| 15:28 | Arcane Tower |
| 15:29 | Arcane Tower |
| 16:04 | Farm |
| 16:05 | Farm |
| 16:06 | Farm |
| 16:43 | Scout Tower |
| 16:57 | Barrage |
| 16:59 | Siege Engine |
| 17:00 | Farm |
| 17:02 | Farm |
| 17:15 | Scout Tower |
| 17:16 | Scout Tower |
| 17:31 | Potion of Lesser Invulnerability |
| 17:47 | Scout Tower |
| 17:48 | Scout Tower |
| 17:52 | Peasant |
| 19:44 | Siege Engine |
| 19:44 | Siege Engine |
| 19:44 | Siege Engine |
| 19:47 | Siege Engine |
| 20:24 | Siege Engine |
| 20:41 | Scroll of Town Portal |
| 21:17 | Moon Well |
| 21:19 | Moon Well |
| 21:29 | Siege Engine |
| 21:31 | Tree of Ages |
| 21:55 | Siege Engine |
| 22:28 | Holy Light |
| Right click | 1412 |
| Select group | 1332 |
| Select | 436 |
| Build/train/purchase | 100 |
| Assign group | 70 |
| Use ability | 18 |
| Minimap ping | 16 |
| Misc. action | 15 |
| Remove unit | 4 |
| Esc | 1 |
52 units @ 5.2k
/ 0.7k
55 buildings @ 5.1k
/ 2.5k
GIGA
(207)
(22:42) : 

| Healing Salve | 2 | 200 |
| Lesser Clarity Potion | 2 | 140 |
| Orb of Lightning | 1 | 375 |
| Boots of Speed | 1 | 250 |
| Staff of Teleportation | 1 | 150 |
| Khadgar's Pipe of Insight | 1 | 500 |
| Ancient Janggo of Endurance | 1 | 500 |
| total: | 9 | 2115g |
| Peon | 16 | 1200 | / | 0 |
| Grunt | 2 | 400 | / | 0 |
| Raider | 1 | 180 | / | 40 |
| total: | 19 | 1780g | / | 40w |
| Watch Tower | 11 | 1210 | / | 880 |
| Altar of Storms | 1 | 180 | / | 50 |
| Orc Burrow | 3 | 480 | / | 120 |
| Voodoo Lounge | 1 | 130 | / | 30 |
| Barracks | 1 | 180 | / | 50 |
| War Mill | 1 | 205 | / | 0 |
| Beastiary | 1 | 145 | / | 140 |
| Stronghold | 1 | 315 | / | 190 |
| Fortress | 1 | 325 | / | 190 |
| total: | 19 | 2530g | / | 1270w |
| 0:03 | Peon |
| 0:03 | Peon |
| 0:07 | Altar of Storms |
| 0:20 | Peon |
| 0:29 | Peon |
| 0:36 | Orc Burrow |
| 0:47 | Peon |
| 0:55 | Peon |
| 1:00 | Voodoo Lounge |
| 1:17 | Barracks |
| 1:30 | Peon |
| 1:35 | Peon |
| 1:35 | Peon |
| 1:49 | Orc Burrow |
| 1:52 | Peon |
| 2:23 | Healing Salve |
| 2:24 | Lesser Clarity Potion |
| 2:29 | Wind Walk |
| 2:39 | Grunt |
| 3:04 | Grunt |
| 3:09 | Peon |
| 3:49 | Boots of Speed |
| 3:53 | Critical Strike |
| 3:58 | Staff of Teleportation |
| 5:35 | Peon |
| 5:35 | Peon |
| 5:35 | Peon |
| 5:42 | War Mill |
| 6:37 | Stronghold |
| 7:00 | Healing Salve |
| 7:05 | Lesser Clarity Potion |
| 7:11 | Watch Tower |
| 7:12 | Watch Tower |
| 7:14 | Watch Tower |
| 7:17 | Watch Tower |
| 7:20 | Watch Tower |
| 7:23 | Watch Tower |
| 7:36 | Spiked Barricades |
| 7:56 | Wind Walk |
| 9:08 | Fortress |
| 9:10 | Reinforced Defenses |
| 9:12 | Improved Spiked Barricades |
| 9:22 | Orc Burrow |
| 10:37 | Critical Strike |
| 11:32 | Watch Tower |
| 11:34 | Watch Tower |
| 11:35 | Watch Tower |
| 11:38 | Peon |
| 11:38 | Peon |
| 11:48 | Orb of Lightning |
| 12:47 | Watch Tower |
| 12:48 | Watch Tower |
| 12:55 | Beastiary |
| 15:21 | Ensnare |
| 15:22 | Raider |
| 16:13 | Khadgar's Pipe of Insight |
| 17:16 | Critical Strike |
| 20:19 | Healing Wave |
| 21:15 | Ancient Janggo of Endurance |
| Right click | 1471 |
| Select group | 402 |
| Select | 220 |
| Build/train/purchase | 72 |
| Resource trade | 42 |
| Use ability | 11 |
| Item give/drop | 10 |
| Assign group | 9 |
| Minimap ping | 7 |
| Misc. action | 6 |
| Esc | 2 |


| Lesser Clarity Potion | 3 | 210 |
| Mechanical Critter | 3 | 150 |
| Healing Salve | 1 | 100 |
| Khadgar's Pipe of Insight | 1 | 500 |
| total: | 8 | 960g |
| Peasant | 12 | 900 | / | 0 |
| Footman | 3 | 405 | / | 0 |
| Mortar Team | 4 | 720 | / | 280 |
| Flying Machine | 14 | 1400 | / | 420 |
| total: | 33 | 3425g | / | 700w |
| Scout Tower | 16 | 480 | / | 320 |
| Guard Tower | 8 | 560 | / | 400 |
| Arcane Tower | 1 | 70 | / | 50 |
| Altar of Kings | 1 | 180 | / | 50 |
| Barracks | 1 | 160 | / | 60 |
| Farm | 12 | 960 | / | 240 |
| Lumber Mill | 1 | 120 | / | 0 |
| Blacksmith | 1 | 140 | / | 60 |
| Arcane Vault | 1 | 130 | / | 30 |
| Workshop | 3 | 420 | / | 420 |
| Keep | 1 | 320 | / | 210 |
| Castle | 1 | 360 | / | 210 |
| total: | 36 | 2590g | / | 1180w |
| 0:02 | Peasant |
| 0:06 | Altar of Kings |
| 0:07 | Peasant |
| 0:20 | Barracks |
| 0:22 | Peasant |
| 0:33 | Farm |
| 0:34 | Peasant |
| 0:51 | Peasant |
| 1:04 | Peasant |
| 1:07 | Farm |
| 1:12 | Peasant |
| 1:18 | Peasant |
| 1:26 | Footman |
| 1:41 | Farm |
| 1:48 | Footman |
| 1:55 | Lumber Mill |
| 2:09 | Storm Bolt |
| 2:12 | Peasant |
| 2:13 | Peasant |
| 2:16 | Footman |
| 3:06 | Peasant |
| 3:06 | Peasant |
| 3:08 | Improved Lumber Harvesting |
| 3:40 | Bash |
| 3:48 | Keep |
| 3:50 | Scout Tower |
| 3:51 | Scout Tower |
| 4:06 | Scout Tower |
| 4:08 | Improved Masonry |
| 4:22 | Guard Tower |
| 4:24 | Scout Tower |
| 4:48 | Guard Tower |
| 4:50 | Scout Tower |
| 4:51 | Scout Tower |
| 5:32 | Guard Tower |
| 5:33 | Scout Tower |
| 5:34 | Scout Tower |
| 5:46 | Blacksmith |
| 5:52 | Lesser Clarity Potion |
| 5:53 | Healing Salve |
| 6:04 | Arcane Vault |
| 6:07 | Guard Tower |
| 6:37 | Castle |
| 6:42 | Farm |
| 6:43 | Farm |
| 6:47 | Storm Bolt |
| 7:13 | Scout Tower |
| 7:13 | Scout Tower |
| 7:14 | Scout Tower |
| 7:24 | Workshop |
| 7:25 | Workshop |
| 7:26 | Workshop |
| 7:28 | Advanced Lumber Harvesting |
| 7:30 | Advanced Masonry |
| 8:00 | Guard Tower |
| 8:09 | Guard Tower |
| 8:16 | Holy Light |
| 8:41 | Guard Tower |
| 8:42 | Scout Tower |
| 8:43 | Scout Tower |
| 8:44 | Iron Forged Swords |
| 8:45 | Black Gunpowder |
| 8:46 | Flak Cannons |
| 8:47 | Flare |
| 8:47 | Mortar Team |
| 8:51 | Farm |
| 8:52 | Farm |
| 9:13 | Flying Machine Bombs |
| 9:14 | Fragmentation Shards |
| 9:30 | Farm |
| 9:31 | Farm |
| 9:57 | Mortar Team |
| 10:00 | Guard Tower |
| 10:02 | Scout Tower |
| 10:02 | Scout Tower |
| 10:03 | Scout Tower |
| 10:30 | Imbued Masonry |
| 11:23 | Flying Machine |
| 11:24 | Flying Machine |
| 11:35 | Arcane Tower |
| 11:37 | Refined Gunpowder |
| 11:47 | Mechanical Critter |
| 11:47 | Mechanical Critter |
| 12:12 | Flying Machine |
| 12:30 | Hex |
| 12:32 | Flying Machine |
| 12:34 | Flying Machine |
| 12:49 | Mechanical Critter |
| 12:59 | Imbued Gunpowder |
| 13:26 | Bash |
| 15:01 | Divine Shield |
| 15:03 | Healing Wave |
| 15:22 | Flying Machine |
| 15:22 | Flying Machine |
| 15:23 | Flying Machine |
| 15:23 | Flying Machine |
| 15:23 | Flying Machine |
| 15:23 | Flying Machine |
| 15:23 | Flying Machine |
| 15:52 | Lesser Clarity Potion |
| 15:53 | Lesser Clarity Potion |
| 16:37 | Farm |
| 16:38 | Farm |
| 16:41 | Farm |
| 17:05 | Flying Machine |
| 17:06 | Flying Machine |
| 17:56 | Khadgar's Pipe of Insight |
| 20:13 | Holy Light |
| 20:28 | Mortar Team |
| 20:29 | Mortar Team |
| 22:33 | Bladestorm |
| Right click | 817 |
| Select | 278 |
| Select group | 271 |
| Misc. action | 91 |
| Build/train/purchase | 89 |
| Use ability | 47 |
| Assign group | 9 |
| Esc | 4 |
| Item give/drop | 3 |
| Minimap ping | 3 |
| Remove unit | 2 |